[Event "CCT Chesscom Classic-D1 2024"]
[Site "Online"]
[Date "2024.05.11"]
[Round "51"]
[White "Ivic, Velimir"]
[Black "Nepomniachtchi, Ian"]
[Result "0-1"]
[ECO "C42"]
[WhiteElo "2596"]
[BlackElo "2770"]
[Annotator "TA"]
[PlyCount "56"]
[EventDate "2024.05.08"]
[EventType "k.o."]
[EventCountry "NET"]
[SourceTitle "playchess.com"]
[Source "ChessBase"]
[SourceQuality "1"]
[TimeControl "600+2"]

1. e4 e5 2. Nf3 Nf6 3. Nxe5 d6 4. Nf3 Nxe4 5. Nc3 Nxc3 6. dxc3 Be7 7. Be3 Nd7 8. Qd2 O-O 9. O-O-O Nf6 10. Bd3 {[%emt 0:00:03] The position is equal.} Re8 11. c4 a6 12. Kb1 c5 13. Rhe1 b5 14. Bg5 Be6 15. Qf4 bxc4 (15... Qa5 $15) 16. Bxc4 $11 Bxc4 17. Qxc4 d5 18. Qd3 (18. Bxf6 $2 dxc4 19. Rxd8 Raxd8 $19) 18... Rb8 19. Ne5 Qb6 {[%emt 0:00:16] Prevents Nc6.} 20. b3 {[%emt 0:00:02] Strongly threatening Bxf6.} c4 21. Qf3 (21. Qf5 $5 Qb5 22. Nd7 Nxd7 23. Bxe7 $14 (23. Rxe7 Rxe7 24. Bxe7 Nb6 $16)) 21... cxb3 22. axb3 Bb4 $2 ({Black should try} 22... Qc7 $1 $11) 23. Re3 $1 $16 {[%emt 0:00:51] Bxf6 is the strong threat.} d4 $2 {[%emt 0:00:17] [#]} (23... Re6 $16) 24. Re2 $2 (24. Bxf6 $1 $18 dxe3 25. Bxg7 Kxg7 26. Qg4+ (26. Qxe3 $2 Qxe3 27. fxe3 Rxe5 $19) (26. Qg3+ Qg6 $18) 26... Qg6 27. Nxg6 hxg6 28. fxe3) 24... Bc3 $40 {[%emt 0:00:10][%mdl 128] Black goes for the king.} 25. Nc4 {[%emt 0:00:18][%mdl 8192] [#] Against Qa5} (25. Bd2 $17 {is the only way for White.} d3 26. Nxd3 (26. cxd3 $2 Qxb3+ 27. Kc1 Qb2#) 26... Rxe2 27. Qxe2 Bxd2 28. Rxd2) 25... Qb5 $1 $19 26. Bxf6 Rxe2 27. Qg4 $2 {[%emt 0:02:52] [#]} (27. Qxe2 $2 {loses.} Qa4 $19) ({Much worse is} 27. Bxd4 Rxc2 $19 (27... Qxc4 28. Bxc3 $17) (27... Qxc4 28. Bxc3 $17)) (27. Qg3 g6 28. Bxd4 Rxc2 29. Qxb8+ Qxb8 30. Kxc2 Bxd4 31. Rxd4) 27... g6 $1 28. Bxd4 (28. Qg3 Rxc2) 28... Qxc4 {[%emt 0:00:06] Weighted Error Value: White=0.99/Black=0.24 (precise) .  Loses game:     	White=1     	Black=1      Missed win:     	White=1     	---        Mistake:       	White=1     	Black=2      Inaccurate:     	White=3     	Black=1      OK:         	White=6     	Black=8      Best:        	---       	Black=1      Strong:       	White=1     	Black=2} 0-1

[Event "CCT Chesscom Classic-D1 2024"]
[Site "Online"]
[Date "2024.05.12"]
[Round "52"]
[White "Nepomniachtchi, Ian"]
[Black "Duda, Jan-Krzysztof"]
[Result "0-1"]
[ECO "B53"]
[WhiteElo "2770"]
[BlackElo "2734"]
[Annotator "TA"]
[PlyCount "64"]
[EventDate "2024.05.08"]
[EventType "k.o."]
[EventCountry "NET"]
[SourceTitle "playchess.com"]
[Source "ChessBase"]
[SourceQuality "1"]
[TimeControl "600+2"]

1. e4 c5 2. Nf3 d6 3. Nc3 Nf6 4. d4 cxd4 5. Qxd4 Nc6 6. Qe3 g6 7. Bc4 Bg7 8. h3 {[%emt 0:00:01] The position is equal.} O-O 9. O-O a6 10. a4 Bd7 11. Qe2 Rc8 12. Bf4 Nh5 13. Be3 Ne5 14. Nxe5 Bxe5 15. Nd5 e6 16. Nb6 Rc6 $36 {[%emt 0:00:02][%mdl 2048] Black fights for an advantage.} 17. a5 Bxb2 18. Ra2 Bg7 19. Bb3 Rc3 {[%emt 0:00:31] Threatens to win with ...Bb5.} 20. Rd1 Bb5 21. Qd2 Qh4 22. f3 (22. Na4 $17 Rc6 23. c4 Bxc4 24. Bxc4 Rxc4 25. Nb6) 22... Be5 $19 23. Bf2 {[%emt 0:00:03] Prevents Qg3.} Qf6 {[%emt 0:00:46] [#] And now ...Nf4 would win.} 24. Ba4 Nf4 (24... Bf4 25. Qe1 Rc7 (25... Bxa4 26. Bd4 $15) 26. Bxb5 axb5 27. g4 $15) 25. Bxb5 {[%emt 0:00:02] Black must now prevent Bf1.} Qg5 (25... axb5 $2 26. Bg3 Rd8 27. Kh2 $17) 26. g3 (26. Bf1 $2 Nxh3+ 27. Kh1 Nxf2+ 28. Kg1 Qh4 $19 (28... Nxd1 29. Qxg5 Bd4+ 30. Kh2 $16) (28... Nxd1 29. Qxg5 Bd4+ 30. Kh2 $16)) 26... Rxf3 (26... axb5 $2 27. h4 Nh3+ 28. Kg2 Qxd2 29. Rxd2 Nxf2 30. Kxf2 $17) (26... Nxh3+ 27. Kg2 Nf4+ (27... axb5 28. Qxg5 Nxg5 29. f4 $14) (27... Qxd2 28. Rxd2 Nxf2 29. Bc4 $15) 28. Kf1 Rxf3 29. gxf4 $19) 27. Bf1 Rxg3+ 28. Bxg3 Qxg3+ 29. Kh1 Qf3+ $2 (29... Nxh3 $19 {( -> ...Qg1#)} 30. Bxh3 Qxh3+ 31. Kg1 Qg4+ 32. Kh1 Qf3+ (32... Qxe4+ $2 33. Qg2 $19) 33. Kg1 Bf4 (33... Qxe4 34. Ra4 $11)) 30. Kg1 $15 {[%emt 0:00:03] [#]} Qg3+ $2 ({Worse is} 30... Qxe4 31. Ra3 $18) ({Reject} 30... Nxh3+ 31. Bxh3 Qxh3 32. Qg2 $11) (30... f5 $1 $17 31. Nd7 Qg3+ (31... Nxh3+ 32. Bxh3 Qxh3 33. Nxe5 $16) 32. Kh1 Nxh3) 31. Kh1 $1 $19 Nxh3 32. c4 (32. Qg2 $19 Nf2+ 33. Kg1 Nxd1 34. Qxg3 Bxg3 35. c4) 32... Qg1# {[%emt 0:00:03] Weighted Error Value: White=0.38/Black=0.21 (precise) .  Loses game:     	White=1     	---        Missed win:     	---       	Black=1      Mistake:       	White=1     	Black=1      Inaccurate:     	White=3     	Black=1      OK:         	White=8     	Black=11     Best:        	White=3     	Black=6      Strong:       	White=1     	---} 0-1

[Event "CCT Chesscom Classic-D1 2024"]
[Site "Online"]
[Date "2024.05.12"]
[Round "52"]
[White "Firouzja, Alireza"]
[Black "Lazavik, Denis"]
[Result "1-0"]
[ECO "A06"]
[WhiteElo "2738"]
[BlackElo "2572"]
[Annotator "TA"]
[PlyCount "41"]
[EventDate "2024.05.08"]
[EventType "k.o."]
[EventCountry "NET"]
[SourceTitle "playchess.com"]
[Source "ChessBase"]
[SourceQuality "1"]
[TimeControl "600+2"]

1. Nf3 d5 2. b3 Nf6 3. Bb2 e6 4. e3 Be7 5. g4 O-O 6. g5 Ne4 7. h4 c5 8. Nc3 {[%emt 0:00:01] The position is equal.} Nxc3 9. dxc3 Nc6 10. c4 b6 (10... d4 $15) 11. Qd2 dxc4 12. Qc3 (12. bxc4 $6 Qc7 $11) 12... f6 13. Bxc4 Na5 ({Black should try} 13... Rb8 $14) 14. Rd1 $16 Qe8 15. Rg1 $36 {[%emt 0:00:21][%mdl 2048] White is in control. White is much more active. The black rooks are passive.} Kh8 {[%emt 0:00:59] [#]} (15... Nxc4 $16 16. Qxc4 Kh8) 16. h5 $1 $18 Qxh5 (16... Nxc4 $2 17. h6 g6 (17... Nxb2 $2 18. hxg7+ Kg8 19. gxf8=Q+ Kxf8 20. gxf6 $18) 18. Qxc4 $18) 17. gxf6 Rxf6 (17... Bxf6 18. Qxf6 gxf6 19. Bxf6+ Rxf6 20. Rd8+) 18. Be2 Ba6 {[%emt 0:02:07] [#] And now ...Bxe2 would win.} 19. Rxg7 $4 Kxg7 $19 20. Rd7 {[%emt 0:00:01] [#]} Qf7 21. Ng5 {[%emt 0:00:16] Weighted Error Value: White=0.42/Black=0.29 (precise) .  Missed win:     	White=1     	Black=1      Mistake:       	---       	Black=3      Inaccurate:     	White=1     	Black=1      OK:         	White=4     	Black=3      Best:        	White=3     	Black=1      Brilliant:      	White=1     	---} 1-0

[Event "CCT Chesscom Classic-D1 2024"]
[Site "Online"]
[Date "2024.05.12"]
[Round "52"]
[White "Duda, Jan-Krzysztof"]
[Black "Nepomniachtchi, Ian"]
[Result "0-1"]
[ECO "A85"]
[WhiteElo "2734"]
[BlackElo "2770"]
[Annotator "TA"]
[PlyCount "88"]
[EventDate "2024.05.08"]
[EventType "k.o."]
[EventCountry "NET"]
[SourceTitle "playchess.com"]
[Source "ChessBase"]
[SourceQuality "1"]
[TimeControl "600+2"]

1. d4 d6 2. Nf3 f5 3. Bf4 Nf6 4. e3 g6 5. h3 Bg7 6. Be2 h6 7. Bh2 O-O 8. c4 c6 9. Nc3 Nbd7 10. O-O Qe8 11. b4 g5 12. c5 g4 (12... Ne4 $14) 13. hxg4 {[%emt 0:00:00] White is clearly better.} Nxg4 14. Bg3 d5 15. Nh4 Ndf6 16. Rc1 Nh5 {[%emt 0:02:21] [#]} 17. Be5 Bxe5 $14 18. dxe5 Ng7 $1 19. Nxf5 Rxf5 20. Bxg4 Rxe5 21. Bxc8 Rxc8 22. e4 e6 (22... dxe4 23. Qd4 Re6 24. Rcd1 $14 (24. Nxe4 Rd8 $16)) 23. f4 Rh5 24. Qf3 $36 {[%emt 0:00:03][%cal Of4f5][%mdl 2048] Black is under pressure.} Qg6 {[%emt 0:00:04] [#]} 25. f5 $1 Qf6 26. fxe6 Qe5 27. Qf4 (27. exd5 $2 Qh2+ 28. Kf2 Rf8 $19) 27... d4 {[%emt 0:00:09] The board is on fire.} 28. Ne2 Nxe6 (28... Qxf4 $11 29. Nxf4 Re5) 29. Qf7+ Kh8 30. Qf6+ (30. Qxb7 $2 Rg8 31. Rf2 d3 $19 (31... Qxe4 $2 32. Qf7 $19)) (30. Ng3 $1 $14 Rh3 (30... Qxg3 $2 31. Qxh5 Qe3+ 32. Kh1 $18) 31. Qf5 (31. gxh3 $2 Qxg3+ 32. Kh1 Qxh3+ 33. Kg1 Rg8+ $19) 31... Qxf5 32. Nxf5 (32. exf5 Rxg3 33. fxe6 Re3 $11)) 30... Kh7 $11 31. Qxe5 Rxe5 32. Rf7+ Kg6 33. Rcf1 d3 34. Nc3 {[%emt 0:00:15][%cal Of7f5] R7f5! would now be deadly.} Rd8 $2 (34... Re8 $14) 35. Rxb7 $2 ({White has to play} 35. R7f5 $1 $18 Rxf5 36. exf5+ Kf7 37. fxe6+ Kxe6 38. Re1+ Kf5 39. Kf2) 35... d2 36. Rxa7 (36. Re7 $11 {and White is okay.}) 36... Rd3 37. Nd1 (37. Ra3 $2 Nd4 (37... Ng5 38. Rd1 $17) 38. Rd1 Nc2 $19 (38... Ne2+ 39. Nxe2 Rxa3 40. Rxd2 $11)) 37... Rxe4 {[%emt 0:00:07][%cal Oe4e1] aiming for ...Re1!} 38. Re7 {[%emt 0:00:03] [#]} (38. Raf7 $17) 38... Re2 (38... Rd5 $1 $19 {[%cal Oe4e1] Threatens to win with ...Re1!} 39. Ref7 Re1 (39... Rxb4 $2 {is the wrong capture.} 40. R7f6+ Kh5 41. Rxe6 $18) 40. R7f6+ Kh5) 39. a4 $2 (39. b5 $17 cxb5 40. Re8) 39... Rg3 $19 40. Rf2 Re1+ 41. Rf1 {[%emt 0:00:13] [#]} Rg4 $1 42. Rd7 Rf4 {[%emt 0:00:03] Black mates.} ({Not} 42... Rxb4 43. Rxd2 Rxf1+ 44. Kxf1 $17) 43. Nf2 Nd4 ({Weaker is} 43... Rxb4 44. Rxd2 Rxf1+ 45. Kxf1 $11) 44. Rd6+ Kh5 {[%emt 0:00:10] Weighted Error Value: White=0.68/Black=0.21 (precise) .  Loses game:     	White=1     	Black=1      Missed win:     	White=1     	---        Mistake:       	White=4     	Black=3      Inaccurate:     	White=4     	Black=3      OK:         	White=8     	Black=6      Best:        	White=3     	Black=5      Strong:       	---       	Black=2} 0-1

[Event "CCT Chesscom Classic-D1 2024"]
[Site "Online"]
[Date "2024.05.12"]
[Round "52"]
[White "Lazavik, Denis"]
[Black "Firouzja, Alireza"]
[Result "0-1"]
[ECO "D02"]
[WhiteElo "2572"]
[BlackElo "2738"]
[Annotator "TA"]
[PlyCount "72"]
[EventDate "2024.05.08"]
[EventType "k.o."]
[EventCountry "NET"]
[SourceTitle "playchess.com"]
[Source "ChessBase"]
[SourceQuality "1"]
[TimeControl "600+2"]

1. d4 d5 2. Nf3 Nf6 3. Bf4 Bf5 4. c4 e6 5. Qb3 dxc4 6. Qxb7 Be4 7. Qxc7 Qxc7 8. Bxc7 {[%emt 0:00:05] White is slightly better.} Bb4+ 9. Nfd2 (9. Kd1 $14) 9... Nc6 {[%emt 0:00:49][%cal Oa8c8,Bb8c6,Bc6d4,Bd4c2][%mdl 32] [#] ...Rc8! would now be deadly.} 10. Nc3 $1 {[%emt 0:02:26] aiming for a3.} Nxd4 {[%emt 0:00:03] And now ...Bxc3 would win.} 11. Rc1 Bg6 12. Be5 (12. e4 {simplifies} Rc8 13. Be5 Nc6 14. Bxf6 gxf6 15. Bxc4 O-O 16. a3) 12... Nc2+ 13. Kd1 Ng4 14. Bg3 Bd6 $1 {[%emt 0:01:19] [#] Hoping for ...Bxg3.} 15. Nce4 (15. Bxd6 $2 Nxf2#) (15. Rxc2 $2 Bxg3 16. fxg3 Ne3+ (16... Bxc2+ 17. Kxc2 Ne3+ 18. Kc1 $16) 17. Kc1 Bxc2 18. Nxc4 Nxc4 $19) (15. Bh4 $11 Be7 (15... Nxh2 $2 16. Nce4 $18) 16. Bg3) 15... Bxg3 $40 {[%emt 0:00:01][%mdl 128] Black attacks.} 16. hxg3 f5 17. Kxc2 {[%emt 0:00:40] White is on the road to losing.} (17. Rxc2 $2 {perishes.} fxe4 18. Rh4 (18. Nxc4 $2 Nxf2+ 19. Ke1 Nxh1 $19) (18. Ke1 $2 e3 $19) 18... Nxf2+ 19. Ke1 e3 20. Nxc4 Bxc2 $19) (17. Rh4 $1 $11 {keeps the balance.} Nce3+ 18. fxe3) 17... fxe4 18. e3 Nxf2 19. Rh4 Nd3 20. Bxd3 cxd3+ ({Of course not} 20... exd3+ $6 21. Kc3 $15) 21. Kb3 (21. Kd1 $142) 21... O-O $19 22. Rf4 Rab8+ 23. Ka3 Rfc8 {[%emt 0:00:00] Prevents b3.} 24. Rc3 e5 25. Rf1 Rf8 (25... Rxc3+ $2 26. bxc3 Rb6 27. c4 $19) 26. Rcc1 Rxf1 27. Rxf1 {[%emt 0:00:02][%mdl 4096] Endgame. KRB-KRN} Rc8 28. g4 Rc2 29. Rf2 h5 30. gxh5 Bxh5 31. b3 Be2 32. Nxe4 d2 33. Nxd2 Rxd2 34. Rf5 (34. e4 $142) 34... e4 {[%emt 0:00:04] Black is clearly winning.} 35. Re5 Bd3 36. Ra5 a6 {[%emt 0:00:01] Weighted Error Value: White=0.33/Black=0.09 (flawless) .  Mistake:       	White=5     	---        Inaccurate:     	White=1     	---        OK:         	White=13    	Black=10     Best:        	White=2     	Black=9      Strong:       	White=1     	Black=1} 0-1

[Event "CCT Chesscom Classic-D1 2024"]
[Site "Online"]
[Date "2024.05.13"]
[Round "53"]
[White "Firouzja, Alireza"]
[Black "Duda, Jan-Krzysztof"]
[Result "1-0"]
[ECO "A30"]
[WhiteElo "2738"]
[BlackElo "2734"]
[Annotator "TA"]
[PlyCount "59"]
[EventDate "2024.05.08"]
[EventType "k.o."]
[EventCountry "NET"]
[SourceTitle "playchess.com"]
[Source "ChessBase"]
[SourceQuality "1"]
[TimeControl "600+2"]

1. Nf3 Nf6 2. b3 d5 3. Bb2 e6 4. c4 Be7 5. e3 O-O 6. Be2 dxc4 7. bxc4 b6 8. O-O Bb7 9. Nc3 c5 10. d4 cxd4 11. exd4 Nc6 12. Re1 Rc8 13. Rc1 Na5 14. Ne5 (14. Nd2 $11) 14... Nd7 $15 15. Nxd7 Qxd7 16. d5 Nxc4 17. dxe6 Qxd1 18. exf7+ Kxf7 19. Bxc4+ Rxc4 20. Rcxd1 Rd8 {[%emt 0:00:33] Against Rd7} (20... Bc6 $5) 21. Rxd8 $1 Bxd8 {[%emt 0:00:00] This pair of bishops is nice.} 22. Rd1 Bf6 23. Nb5 {[%emt 0:00:14] [#] Nd6+ is the strong threat.} Be7 {[%emt 0:00:32] And now ...Rb4 would win.} (23... Bxb2 $2 24. Nd6+ (24. Nxa7 $2 Rc1 $19) 24... Ke6 25. Nxc4 $18) 24. h3 Bc6 {[%emt 0:00:07] Inhibits Rd7.} ({Don't play} 24... Rb4 25. Ba3 Rxb5 26. Rd7 $14) 25. Nxa7 Be8 {[%emt 0:00:02] ...Rc7 would now be deadly.} 26. Bd4 b5 {[%emt 0:00:05][%mdl 1024] Black has compensation.} 27. Be3 b4 28. Rd5 Ke6 29. Ra5 {[%emt 0:00:03] [#]} Rc1+ $2 30. Bxc1 {[%emt 0:00:01] Weighted Error Value: White=0.09 (flawless) /Black=0.10 (very precise) .  Loses game:     	---       	Black=1      Mistake:       	White=1     	---        Inaccurate:     	White=3     	Black=2      OK:         	White=7     	Black=8      Best:        	White=2     	Black=2      Strong:       	White=1     	---} 1-0

[Event "CCT Chesscom Classic-D1 2024"]
[Site "Online"]
[Date "2024.05.13"]
[Round "53"]
[White "Duda, Jan-Krzysztof"]
[Black "Firouzja, Alireza"]
[Result "1/2-1/2"]
[ECO "E04"]
[WhiteElo "2734"]
[BlackElo "2738"]
[Annotator "RC"]
[PlyCount "201"]
[EventDate "2024.05.08"]
[EventType "k.o."]
[EventCountry "NET"]
[SourceTitle "playchess.com"]
[Source "ChessBase"]
[SourceQuality "1"]
[TimeControl "600+2"]

1. d4 d5 2. c4 e6 3. Nf3 Nf6 4. g3 dxc4 5. Bg2 c5 6. O-O Nc6 7. Qa4 Bd7 8. Qxc4 cxd4 9. Nxd4 Rc8 10. Nc3 Nxd4 11. Qxd4 Bc5 12. Qh4 Bc6 13. Rd1 Qa5 14. Bxc6+ Rxc6 15. Bg5 Be7 16. Ne4 Qe5 17. Nxf6+ Bxf6 18. Bxf6 Qxf6 19. Qxf6 gxf6 20. Rac1 Rxc1 21. Rxc1 Kd7 22. Kg2 Rg8 23. f4 f5 24. Rc4 Kd6 25. Ra4 a6 26. Rd4+ Ke7 27. Rc4 Kd6 28. Kh3 b5 29. Rc3 Ke7 30. Kg2 Rd8 31. Rc2 Rd1 32. a3 h5 33. Kf3 Rb1 34. Ke3 Kd6 35. Rd2+ Ke7 36. Kd4 Rc1 37. Kd3 Kd6 38. b3 a5 39. Ke3+ Ke7 40. a4 bxa4 41. bxa4 Ra1 42. Rd4 Ra3+ 43. Kf2 Ke8 44. Rc4 Ke7 45. Kg2 Ra2 46. Kh3 Rxe2 47. Rc5 Ra2 48. Rxa5 Kf6 49. Ra8 Kg7 50. a5 Kh7 51. a6 Kg7 52. a7 f6 53. Re8 Rxa7 54. Rxe6 Ra2 55. Rb6 Kg6 56. Rb8 Kg7 57. Rb1 Kg6 58. Rh1 Ra8 59. Rg1 Rb8 60. Rg2 Ra8 61. Kh4 Rb8 62. Rc2 Ra8 63. Rb2 Rc8 64. Kh3 Ra8 65. Rd2 Rb8 66. Kg2 Ra8 67. Re2 Rb8 68. Kf2 Rb3 69. Rd2 Ra3 70. Rb2 Rc3 71. Ra2 Rb3 72. Kg2 Rb8 73. Ra3 Rb2+ 74. Kg1 Rb8 75. h4 Rb2 76. Re3 Kf7 77. Kf1 Ra2 78. Ke1 Rb2 79. Kd1 Ra2 80. Rb3 Rg2 81. Kc1 Kg6 82. Re3 Kf7 83. Kd1 Ra2 84. Ke1 Rb2 85. Kf1 Ra2 86. Rc3 Rb2 87. Rc7+ Kg6 88. Rc5 Ra2 89. Ke1 Rg2 90. Rc3 Kf7 91. Re3 Ra2 92. Kd1 Rg2 93. Ke1 Ra2 94. Re2 Rxe2+ 95. Kxe2 Ke6 96. Ke3 Kd5 97. Kd3 Kc5 98. Kc3 Kd5 99. Kd3 Kc5 100. Kc3 Kd5 101. Kd3 1/2-1/2

[Event "CCT Chesscom Classic-D1 2024"]
[Site "Online"]
[Date "2024.05.13"]
[Round "54"]
[White "Firouzja, Alireza"]
[Black "Keymer, Vincent"]
[Result "1-0"]
[ECO "A05"]
[WhiteElo "2738"]
[BlackElo "2726"]
[Annotator "TA"]
[PlyCount "109"]
[EventDate "2024.05.08"]
[EventType "k.o."]
[EventCountry "NET"]
[SourceTitle "playchess.com"]
[Source "ChessBase"]
[SourceQuality "1"]
[TimeControl "600+2"]

1. Nf3 Nf6 2. b3 c5 3. Bb2 Nc6 4. e3 g6 5. Nc3 e5 $146 ({Predecessor:} 5... Bg7 6. Ne4 d6 7. Nxf6+ exf6 8. Be2 Bd7 9. O-O O-O 10. d4 Qe7 11. Qd2 Rfd8 12. Rad1 {½-½ Fiorito,F (2370)-Valle Luis,L (2214) Sant Boi de Llobregat op 4th 2023 (9)}) 6. Bb5 {[%emt 0:00:08] A05: Réti Opening: 1 Nf3 Nf6.} Qe7 7. O-O Bg7 8. d4 e4 9. Nd2 cxd4 10. Nc4 O-O 11. Ba3 Nb4 12. Qxd4 d5 13. Nb6 Ng4 14. Qxb4 Qh4 15. h3 axb6 16. Nxd5 Rxa3 17. Ne7+ Kh8 18. Qxa3 Be6 19. Qd6 Ne5 20. Be2 Re8 21. Rad1 Bxh3 22. gxh3 Qxh3 23. Nd5 h5 24. Nf4 Qh4 25. Qd5 Kh7 26. Ng2 Qg5 27. Qxe4 Re6 28. Qf4 Qe7 29. Qg3 Bf6 30. Qh3 Rc6 31. c4 Bg7 32. Nf4 Qg5+ 33. Qg2 Qh4 34. Rd4 Qe7 35. Nd5 Qe8 36. Re4 Qd8 37. f4 Nd7 38. f5 Nc5 39. Ref4 Be5 40. R4f3 Kh6 41. Rh3 Qe8 42. Kh1 (42. Bxh5 $142 Kg7 43. Bxg6 (43. fxg6 fxg6 44. Bf3 Bf6 $18) 43... fxg6 44. Qg5 Kf7 45. fxg6+ Ke6 46. g7 Kd7 47. g8=Q (47. g8=B Rg6 $18)) 42... Bb8 43. Bf3 (43. Bxh5 $142 Kg7 44. Bxg6 fxg6 45. f6+ Kf8 46. Rh8+ Kf7 47. Rxe8 Re6 48. Re7+ (48. Rxb8 Re5 49. Nf4 g5 50. Rxb7+ Nd7 51. Rxd7+ Ke8 52. Qc6 Kf8 53. Ng6+ Kg8 54. Rg7#) 48... Rxe7 49. fxe7+ Bf4 50. Rxf4+ (50. Nxf4 Kxe7 51. Nd5+ Kd7 52. Rf7+ Ke8 53. Qxg6 Nd7 54. Qg8+ Nf8 55. Qxf8#) 50... Kg7 51. Qb2+ (51. e8=R Nd7 52. Re7+ Kh8 53. Qh3+ Kg8 54. Qh7#) (51. e8=N+ Kh8 52. Qh3+ Kg8 53. Ne7#) 51... Kh6 52. Qh8+ Kg5 53. Qh4#) 43... Qe5 44. Rg1 (44. Bxh5 $142 gxh5 45. Rxh5+ (45. Nf4 Qxf5 46. Rxh5+ Qxh5+ 47. Nxh5 Rg6 48. Qh3 Rg5 49. Nf6+ Kg7 50. Qh7+ Kf8) 45... Kxh5 46. Qh3+ Kg5 47. Rg1+ Qg3 48. Rxg3+ Bxg3 49. Qxg3+ Kxf5 50. Qf4+ Kg6 51. Ne7+ Kg7 52. Qg5+ (52. Nxc6 bxc6 53. Qd6 Ne6 $18) 52... Kh7 53. Nf5) 44... Qxf5 45. Bg4 Qe5 46. Bd1 Re6 47. Bc2 Kg7 {[%emt 0:00:04] [#]} 48. Qg3 $2 (48. Nf4 $1) 48... Qb2 $2 (48... Qxg3 49. Rgxg3 (49. Rhxg3 Bxg3 50. Rxg3 Rd6 $18) 49... Bxg3) 49. Qxb8 $18 Qxc2 50. Qh2 Qd3 51. Qb2+ Kg8 52. Nf4 (52. Rxh5 $142 Qe4+ 53. Kh2 Qe5+ 54. Rxe5 Nd3 55. Rxe6 Nxb2 56. Rxb6 Kg7 57. Rxb7) 52... Qe4+ $18 53. Qg2 Rd6 54. Qxe4 Nxe4 55. Rxh5 1-0

[Event "CCT Chesscom Classic-D1 2024"]
[Site "Online"]
[Date "2024.05.13"]
[Round "54"]
[White "Keymer, Vincent"]
[Black "Firouzja, Alireza"]
[Result "0-1"]
[ECO "D32"]
[WhiteElo "2726"]
[BlackElo "2738"]
[Annotator "TA"]
[PlyCount "68"]
[EventDate "2024.05.08"]
[EventType "k.o."]
[EventCountry "NET"]
[SourceTitle "playchess.com"]
[Source "ChessBase"]
[SourceQuality "1"]
[TimeControl "600+2"]

1. c4 e6 2. Nc3 d5 3. d4 c5 4. cxd5 exd5 5. Nf3 Nc6 6. e3 Nf6 7. Bb5 cxd4 8. Nxd4 Bd7 9. O-O Bd6 10. Nf3 a6 11. Be2 Bg4 {[%emt 0:00:23] The position is equal.} 12. h3 Bh5 13. b3 (13. Nxd5 $2 Nxd5 14. Qd3 (14. Qxd5 $2 Bh2+ 15. Nxh2 Qxd5 $19) 14... Bg6 $19) 13... O-O 14. Bb2 (14. Nxd5 $2 Nxd5 15. Bb2 (15. Qxd5 $2 Bh2+ 16. Nxh2 Qxd5 $19) 15... Nf6 $19) 14... Re8 15. Nh4 (15. Nxd5 $2 Nxd5 16. Rc1 (16. Qxd5 $2 Bh2+ 17. Nxh2 Qxd5 $19) 16... Nf6 $19) 15... Bg6 16. Nxg6 (16. Nxd5 $2 Nxd5 17. Nxg6 (17. Qxd5 $2 Bh2+ 18. Kxh2 Qxd5 $19) 17... hxg6 $19 (17... Nxe3 18. fxe3 hxg6 19. Bc4 $14)) 16... hxg6 17. Bf3 (17. Nxd5 $2 Nxd5 18. Bf3 (18. Qxd5 $2 Bh2+ 19. Kxh2 Qxd5 $19) 18... Be5 19. Bxe5 Rxe5 $19) 17... Be5 18. Rb1 d4 19. exd4 Nxd4 20. Bxb7 {[%emt 0:01:01] This pair of bishops is nice.} Ra7 21. Bf3 Rd7 {[%emt 0:00:01] [#] aiming for ...Nb5.} 22. Na4 Qa5 23. Kh1 Nxf3 24. Qxf3 Bxb2 25. Rxb2 Re1 26. Rb1 Rxb1 27. Rxb1 Rd2 28. a3 Qe5 29. Rd1 Ra2 30. Nc3 Rxa3 31. g3 (31. Rb1 $11) 31... Rxb3 $17 32. Rd8+ Kh7 33. Qa8 g5 ({And not} 33... Rxc3 34. Rh8#) ({But not} 33... Qe1+ 34. Kg2 g5 (34... Rxc3 35. Rh8#) 35. Nd5 Qe4+ 36. Kh2 Nxd5 37. Qxd5 $15) 34. Rh8+ $2 {[%emt 0:00:08] [#]} (34. Nd1) 34... Kg6 {[%emt 0:00:02] Weighted Error Value: White=0.26 (precise) /Black=0.04 (flawless) .  Mistake:       	White=3     	---        Inaccurate:     	White=2     	Black=2      OK:         	White=6     	Black=16     Best:        	White=1     	Black=2} 0-1